 Dungeon Crawl Stone Soup version 0.21-a0-349-g0c35859 (webtiles) character file.

590 IcyTea the Ruffian (level 7, -3/62 HPs)
             Began as a Troll Hunter on Oct 8, 2017.
             Was a Follower of Makhleb.
             Slain by newuser's ghost (23 damage)
             ... on level 5 of the Dungeon.
             The game lasted 00:13:50 (3222 turns).

IcyTea the Ruffian (Troll Hunter)                   Turns: 3222, Time: 00:13:51

Health: -3/62      AC:  6    Str: 21    XL:     7   Next: 15%
Magic:  6/6        EV: 10    Int:  8    God:    Makhleb [*.....]
Gold:   170        SH:  0    Dex: 11    Spells: 6/6 levels left

rFire    . . .     SeeInvis .     - Unarmed
rCold    . . .     Gourm    +   (no shield)
rNeg     . . .     Faith    .   b - +0 robe
rPois    .         Spirit   .   (helmet restricted)
rElec    .         Reflect  .   (no cloak)
rCorr    .         Harm     .   (gloves unavailable)
MR       .....                  (boots unavailable)
Stlth    +.........             (no amulet)
HPRegen  0.60/turn              p - +1 ring of protection
MPRegen  0.10/turn              (no ring)

@: no status effects
A: unfitting armour, claws 3, fast metabolism 3, gourmand, regeneration 1,
shaggy fur 1, tough skin 2
a: Renounce Religion


You were on level 5 of the Dungeon.
You worshipped Makhleb.
Makhleb was aware of your devotion.
You were very full.

You visited 2 branches of the dungeon, and saw 6 of its levels.

You collected 170 gold pieces.

Inventory:

Missiles
 c - 5 large rocks (quivered)
 d - 2 throwing nets
 v - 3 tomahawks
Armour
 b - a +0 robe (worn)
Jewellery
 p - a +1 ring of protection (left claw)
Wands
 m - a wand of iceblast (5/15)
Scrolls
 a - a scroll of teleportation
 e - 9 scrolls of identify
 i - 2 scrolls of amnesia
 l - 3 scrolls of remove curse
 n - a scroll of magic mapping
 q - a scroll of enchant weapon {unknown}
 x - a scroll of fog
Potions
 j - 3 potions of brilliance
 k - 2 potions of curing
 o - 3 potions of heal wounds
 w - a potion of flight {unknown}
Comestibles
 f - 6 bread rations
 g - 4 royal jellies
 h - 3 fruits
 s - 2 meat rations


   Skills:
 - Level 1.5 Fighting
 - Level 3.6 Throwing
 - Level 1.5 Dodging
 - Level 0.3 Stealth
 + Level 7.6 Unarmed Combat


You had 6 spell levels left.
You didn't know any spells.

Dungeon Overview and Level Annotations

Branches:
Dungeon (5/15)             Temple (1/1) D:4

Altars:
Ashenzari
Dithmenos
Fedhas
Gozag
Hepliaklqana
Kikubaaqudgha
Makhleb
Nemelex Xobeh
Okawaru
Qazlal
Ru
Sif Muna
Vehumet
Wu Jian
Yredelemnul
Zin
The Shining One

Shops:
D:4 =

Annotations:
D:5 newuser's ghost, novice TrBe


Innate Abilities, Weirdness & Mutations

You are too large for most types of armour.
You have claws for hands.
Your metabolism is lightning-fast.
You like to eat raw meat.
Your natural rate of healing is unusually fast.
You are covered in fur. (AC +1)
You have very tough skin. (AC +2)


Message History

Newuser's ghost hits you!!
* * * LOW HITPOINT WARNING * * *
Newuser's ghost says very slowly, "There's no hope."
Newuser's ghost wails.
Items here: ))) [[ a dagger; a robe; a dagger; a leather armour; a flail
There is a stone staircase leading up here.
Newuser's ghost misses you.
You climb upwards.
There is a stone staircase leading down here.
You start resting.
HP restored.
You climb downwards.
Level annotation: newuser's ghost, novice TrBe Newuser's ghost hits you! x2
There is a stone staircase leading up here.
You scratch newuser's ghost but do no damage.
Newuser's ghost hits you!! Newuser's ghost hits you!!
You die...

#.# #....##.# #.##.###.##.# ##'##
#.##.##.# #.##.###.#### ##...##
#.##.##.# #........# #.....##
#.......# #........# .......##
###..########...#.##
........####.........##.#....###
........+.............).........+
........####.....###.###.#...####
.......## #...W@# #.# #.......#
#...).## #.....# #.# #..######
##...## ##....# #.# #......#
##'## ###### #.# ##.###.# #.# #
#.# #.# #.# #.# ##8. #.#
#.###.### ##.#####.. #.#
#........ ##...#.#_.. >#.#
#####.#.# )..†...##.. .#### #.#.#


You could see newuser's ghost.

Vanquished Creatures
  A phantom (D:5)
  A bullfrog zombie (D:5)
  A centaur zombie (D:5)
  A hound (D:5)
  3 bullfrog skeletons
  2 orc wizards
  A centaur skeleton (D:5)
  Ijyb (D:3)
  2 worker ants (D:4)
  6 adders
  3 oozes
  3 worms
  A dart slug (D:2)
  2 leopard geckos
  16 orcs
  3 ball pythons
  6 bats
  7 giant cockroaches
  5 hobgoblins
  2 quokkas
  A ball python skeleton (D:4)
  5 frilled lizards
  9 goblins
  A jackal skeleton (D:4)
  5 kobolds
  A quokka skeleton (D:5)
  A quokka zombie (D:5)
  3 rats
93 creatures vanquished.

Notes
Turn   | Place    | Note
-------+----------+-------------------------------------------
     0 | D:1      | IcyTea the Troll Hunter began the quest for the Orb.
     0 | D:1      | Reached XP level 1. HP: 19/19 MP: 0/0
    77 | D:1      | Reached skill level 1 in Unarmed Combat
   101 | D:1      | Reached XP level 2. HP: 25/27 MP: 1/1
   300 | D:1      | Reached skill level 2 in Unarmed Combat
   424 | D:1      | Reached XP level 3. HP: 30/33 MP: 2/2
   965 | D:2      | Reached skill level 3 in Unarmed Combat
  1297 | D:2      | Reached XP level 4. HP: 41/41 MP: 3/3
  1367 | D:2      | Reached skill level 4 in Unarmed Combat
  1774 | D:3      | Noticed Ijyb
  1785 | D:3      | Killed Ijyb
  1785 | D:3      | Reached XP level 5. HP: 48/48 MP: 4/4
  2153 | D:4      | Found a staircase to the Ecumenical Temple.
  2166 | Temple   | Entered the Ecumenical Temple
  2248 | Temple   | Became a worshipper of Makhleb the Destroyer
  2270 | D:4      | Reached skill level 5 in Unarmed Combat
  2364 | D:4      | Found Byosol's Jewellery Shop.
  2544 | D:4      | Reached skill level 6 in Unarmed Combat
  2544 | D:4      | Reached XP level 6. HP: 22/55 MP: 5/5
  2665 | D:5      | Entered Level 5 of the Dungeon
  2684 | D:5      | Reached * piety under Makhleb
  2769 | D:5      | Found a sacrificial altar of Ru.
  2788 | D:5      | Reached skill level 7 in Unarmed Combat
  2865 | D:5      | Reached XP level 7. HP: 50/62 MP: 6/6
  2890 | D:5      | Found a basalt altar of Yredelemnul.
  2940 | D:5      | Found a shattered altar of Ashenzari.
  3133 | D:5      | Found a shadowy altar of Dithmenos.
  3138 | D:5      | Noticed newuser's ghost (novice TrBe)
  3222 | D:5      | Slain by newuser's ghost

Vault maps used:
D:1:      shiori_arrival_elements
D:3:      roderic_lattice_a, uniq_ijyb
D:4:      minmay_temple_entry_trees, serial_shops, shop, first_bread
D:5:      nicolae_overflow_hidden_temple, lemuel_coloured_pillars_altar,
          nicolae_ru_sacrificial_ziggurat, basic_altar, grunt_dithmenos_smoke
Temple:   eino_temple_lava

Skill      XL: |  1  2  3  4  5  6 |
---------------+-------------------+-----
Unarmed Combat | 1 2 3 4 6 7 |  7.6
Fighting       | |  1.5
Throwing       | |  3.6
Dodging        | |  1.5
Stealth        | |  0.3

Action                   |  1- 3 |  4- 6 |  7- 9 || total
-------------------------+-------+-------+-------++-------
Melee: Unarmed           |   102 |   156 |    13 ||   271
       Punch             |     1 |     7 |     1 ||     9
  Use: Scroll            |     6 |     5 |       ||    11
       Potion            |       |     2 |       ||     2
 Stab: Sleeping          |     2 |     1 |       ||     3
  Eat: Chunk             |    17 |    15 |     2 ||    34
Armor: Robe              |    41 |    53 |     3 ||    97
Dodge: Dodged            |    53 |    77 |     4 ||   134

Table legend:
 A = Spawn XP
 B = Non-spawn XP
 C = Spawn XP percentage of total XP
 D = Spawn monster count
 E = Non-spawn monster count
 F = Spawn count percentage of total count
 G = Total turns spent on level
                    A         B        C        D         E        F      G
               +---------+---------+-------+---------+---------+-------+---------
         Total |       0 |     843 |   0.0 |       0 |      93 |   0.0 |  3222
               +---------+---------+-------+---------+---------+-------+---------
           D:1 |       0 |      53 |   0.0 |       0 |      23 |   0.0 |   960
           D:2 |       0 |      98 |   0.0 |       0 |      21 |   0.0 |   598
           D:3 |       0 |      73 |   0.0 |       0 |      12 |   0.0 |   595
           D:4 |       0 |     186 |   0.0 |       0 |      19 |   0.0 |   447
           D:5 |       0 |     433 |   0.0 |       0 |      18 |   0.0 |   530
               +---------+---------+-------+---------+---------+-------+---------
